 Dungeon Crawl Stone Soup version 0.31-a0-971-g75a2e9a4b4 (webtiles) character file.

Game seed: 17833386547513296712

3626 Pooter the Magician (level 10, -2/74 HPs)
             Began as a Gnoll Wanderer on Oct 28, 2023.
             Was a Believer of Lugonu.
             Slain by a yak (7 damage)
             ... on level 8 of the Dungeon.
             The game lasted 00:46:56 (8735 turns).

Pooter the Magician (Gnoll Wanderer)                Turns: 8735, Time: 00:46:57

Health: -2/74      AC: 12    Str: 13    XL:     10   Next: 11%
Magic:  20/20      EV: 19    Int: 10    God:    Lugonu [**....]
Gold:   121        SH:  5    Dex: 14    Spells: 12/23 levels left

rFire   . . .        a - +2 war axe (heavy)
rCold   . . .        (no shield)
rNeg    . . .        j - +1 robe of the Desert {rElec Int-2 SInv Stlth+}
rPois   +            g - +0 helmet
rElec   +            h - +2 cloak {rPois}
rCorr   .            (no gloves)
SInv    +            (no boots)
Will    .....        E - amulet of reflection
Stlth   ++++         B - +5 ring of evasion
HPRegen 0.32/turn    G - +4 ring of protection
MPRegen 0.17/turn

%: reflection
@: no status effects
A: fangs 1, strong nose, distributed training
a: Renounce Religion, Depart the Abyss, Banish


You were on level 8 of the Dungeon.
You worshipped Lugonu.
Lugonu was pleased with you.
You visited 2 branches of the dungeon, and saw 9 of its levels.

You collected 346 gold pieces.
You spent 225 gold pieces at shops.

Inventory:

Hand Weapons
 a - a +2 heavy war axe (weapon)
   (You found it on level 3 of the Dungeon)
 b - a +0 shortbow
   (You found it on level 3 of the Dungeon)
 i - a +0 dire flail
   (You took it off an orc warrior on level 7 of the Dungeon)
 m - a +0 trident
   (You took it off Terence on level 2 of the Dungeon)
 w - a +0 broad axe of freezing
   (You found it on level 6 of the Dungeon)
Missiles
 l - 26 poisoned darts
 x - 9 boomerangs (quivered)
 Q - 65 stones
Armour
 d - a +0 leather armour
 g - a +0 helmet (worn)
   (You took it off Robin on level 2 of the Dungeon)
 h - a +2 cloak of poison resistance (worn)
   (You found it on level 2 of the Dungeon)
 j - the +1 robe of the Desert (worn) {rElec Int-2 SInv Stlth+}
   (You found it on level 2 of the Dungeon)

   Int-2:     It affects your intelligence (-2).
   rElec:     It insulates you from electricity.
   SInv:      It lets you see invisible.
   Stlth+:    It makes you more stealthy.
 J - +0 acid dragon scales
   (You took it off Maggie on level 6 of the Dungeon)
 K - a +0 plate armour
   (You took it off an orc warrior on level 6 of the Dungeon)
Jewellery
 B - a +5 ring of evasion (left hand)
   (You found it on level 4 of the Dungeon)
 C - a ring of resist corrosion
   (You found it on level 6 of the Dungeon)
 E - an amulet of reflection (around neck)
   (You found it on level 4 of the Dungeon)
 G - a +4 ring of protection (right hand)
   (You found it on level 5 of the Dungeon)
 O - an amulet of the acrobat
   (You found it on level 7 of the Dungeon)
 P - an amulet of magic regeneration
   (You found it on level 7 of the Dungeon)
 R - an amulet of faith {!P}
   (You found it on level 7 of the Dungeon)
Wands
 f - a wand of flame (20)
   (You took it off Terence on level 2 of the Dungeon)
 D - a wand of digging (7)
   (You found it on level 6 of the Dungeon)
Scrolls
 n - 2 scrolls of fog
 p - 2 scrolls of immolation {!r}
 q - a scroll of blinking
 r - a scroll of vulnerability {!r}
 s - a scroll of summoning
 t - 3 scrolls of teleportation {@r4}
 u - a scroll of fear
 A - 2 scrolls of amnesia
 L - a scroll of brand weapon
Potions
 c - 2 potions of heal wounds {@q2}
 e - a potion of degeneration {unknown}
 k - a potion of cancellation
 o - a potion of might {unknown}
 v - a potion of haste {@q3}
 y - 2 potions of curing {@q1}
 z - a potion of invisibility
 F - a potion of enlightenment {unknown}
 H - a potion of lignification {unknown}
 I - a potion of mutation {!q}
 M - 2 potions of magic
 N - 2 potions of resistance


   Skills:
 + Level 5.0 Fighting
 + Level 5.0 Short Blades
 + Level 5.0 Long Blades
 + Level 6.9 Axes
 + Level 5.0 Maces & Flails
 + Level 5.0 Polearms
 + Level 5.0 Staves
 + Level 5.0 Ranged Weapons
 + Level 5.0 Throwing
 + Level 5.7 Armour
 + Level 5.7 Dodging
 + Level 5.6 Stealth
 + Level 5.0 Shields
 + Level 5.0 Unarmed Combat
 + Level 7.2 Spellcasting
 + Level 4.1 Conjurations
 + Level 4.1 Hexes
 + Level 4.1 Summonings
 + Level 4.1 Necromancy
 + Level 4.7 Translocations
 + Level 4.1 Transmutations
 + Level 4.1 Fire Magic
 + Level 4.1 Ice Magic
 + Level 4.1 Air Magic
 + Level 4.1 Earth Magic
 + Level 4.1 Poison Magic
 + Level 5.5 Invocations
 + Level 6.9 Evocations
 + Level 4.6 Shapeshifting


You had 12 spell levels left.
You knew the following spells:

 Your Spells              Type           Power      Damage    Failure   Level
a - Tukima's Dance        Hex            11%        N/A       10%         3
b - Teleport Other        Tloc           13%        N/A       8%          3
c - Apportation           Tloc           26%        N/A       2%          1
v - Passage of Golubria   Tloc           13%        N/A       26%         4

Your spell library contained the following spells:

 Spells                   Type           Power      Damage    Failure   Level
 Shock                    Conj/Air       44%        1d5       3%          1
 Swiftness                Air            11%        N/A       10%         3
 Airstrike                Air            5%         2d(1-17)  32%         4
 Yara's Violent Unravell  Hex/Tmut       5%         3d4       67%         5


Dungeon Overview and Level Annotations

Branches:
Dungeon (8/15) Zot: 26591  Temple (1/1) D:5 Zot: 5977
   Lair: D:8-11

Altars:
Ashenzari
Cheibriados
Elyvilon
Fedhas
Gozag
Hepliaklqana
Kikubaaqudgha
Makhleb
Nemelex Xobeh
Okawaru
Qazlal
Ru
Sif Muna
Trog
Uskayaw
Vehumet
Wu Jian
Xom
Yredelemnul
Zin
Lugonu

Shops:
D:1 (   D:3 ?   D:5 [

Annotations:
D:3 Natasha
Abyss:1 Erica


Innate Abilities, Weirdness & Mutations

You have very sharp teeth.
Your uncanny sense of smell can sniff out nearby items.
Your experience applies equally to all skills.


Message History

You slash the yak! You bite the yak, but do no damage. You slash the yak!
The yak gores you. The yak gores you but does no damage.
The yak completely misses you. The yak gores you but does no damage.
You slash the yak!
You kill the yak!
Lugonu accepts your kill.
You hit the yak but do no damage. The yak barely misses you.
Your Fighting skill increases to level 5!
Your Short Blades skill increases to level 5!
Your Long Blades skill increases to level 5!
Your Maces & Flails skill increases to level 5!
Your Polearms skill increases to level 5!
Your Staves skill increases to level 5!
Your Ranged Weapons skill increases to level 5!
Your Throwing skill increases to level 5!
Your Shields skill increases to level 5!
Your Unarmed Combat skill increases to level 5!
You hit the yak but do no damage. The yak closely misses you.
The yak gores you!
You barely miss the yak. You hit the yak but do no damage.
You block the yak's attack.
The yak misses you. x2; The yak gores you!
You hit the yak. You slash the yak! The yak completely misses you.
The yak gores you! The yak closely misses you. The yak gores you.
* * * LOW HITPOINT WARNING * * *
You barely miss the yak. You hit the yak. You block the yak's attack.
The yak completely misses you.
You closely miss the yak. You slash the yak!
The yak gores you but does no damage. You block the yak's attack.
The yak gores you!
* * * LOW HITPOINT WARNING * * *
The yak closely misses you.
You barely miss the yak. You closely miss the yak. The yak gores you.
* * * LOW HITPOINT WARNING * * *
The yak barely misses you. x2; You block the yak's attack.
You slash the yak!
You kill the yak!
Lugonu accepts your kill.
You hit the yak. The yak gores you.
* * * LOW HITPOINT WARNING * * *
You closely miss the yak. You bite the yak, but do no damage.
The yak gores you.
* * * LOW HITPOINT WARNING * * *
The yak barely misses you.
You slice the yak!! You bite the yak, but do no damage. The yak gores you!
* * * LOW HITPOINT WARNING * * *
The yak misses you.
You barely miss the yak. The yak misses you.
Unknown command.
You barely miss the yak. You block the yak's attack. The yak gores you!
You die...

##..###..#.#.#.#
#...##.........#
#......#.#....#
#...###......###
#. ##.....#
##...## #..##
#..## #.@.#
#Y†..# #.....#
.......#
.......##
.......##
.......##
.......##


You could see a yak.

Vanquished Creatures
  Maggie (D:6)
  Sigmund (D:3)
  2 yaks (D:8)
  2 orc warriors
  2 ice beasts
  2 sky beasts
  3 ogres
  3 phantoms (D:6)
  2 bullfrogs
  A kobold brigand (D:7)
  4 scorpions
  A crimson imp (D:6)
  3 jellies
  An iguana (D:6)
  2 orc priests
  4 hounds
  A sleepcap (D:6)
  Natasha (D:3)
  5 orc wizards
  Terence (D:2)
  Robin (D:2)
  8 adders
  5 gnolls (D:5)
  2 shadow imps (D:7)
  2 white imps
  A worm (D:2)
  2 dart slugs (D:2)
  28 orcs
  6 ball pythons
  5 endoplasms
  3 giant cockroaches
  22 goblins
  17 hobgoblins
  5 jackals
  16 kobolds
  2 quokkas
  5 bats
  2 frilled lizards (D:3)
  6 rats
180 creatures vanquished.

Vanquished Creatures (others)
  A human (D:4)
1 creature vanquished.

Grand Total: 181 creatures vanquished

Notes
Turn   | Place    | Note
-------+----------+-------------------------------------------
     0 | D:1      | Pooter the Gnoll Wanderer began the quest for the Orb.
     0 | D:1      | Pooter set off with the following items: a +2 hand axe, a
                  | +0 cloak, a potion of heal wounds {@q2}, a +0 leather
                  | armour; and the following spell memorised: Apportation; and
                  | the following spells available to memorise: Teleport Other.
     0 | D:1      | Reached XP level 1. HP: 13/13 MP: 6/6
    48 | D:1      | Reached XP level 2. HP: 17/19 MP: 7/7
    71 | D:1      | Found Jaem's Antique Weapon Shoppe.
   614 | D:2      | Noticed Robin
   622 | D:2      | Reached XP level 3. HP: 25/25 MP: 9/9
   625 | D:2      | Reached skill level 5 in Spellcasting
   639 | D:2      | Reached skill level 1 in Invocations
   653 | D:2      | Killed Robin
   654 | D:2      | Reached skill level 1 in Fighting
   654 | D:2      | Reached skill level 1 in Short Blades
   654 | D:2      | Reached skill level 1 in Long Blades
   654 | D:2      | Reached skill level 1 in Maces & Flails
   654 | D:2      | Reached skill level 1 in Polearms
   654 | D:2      | Reached skill level 1 in Staves
   654 | D:2      | Reached skill level 1 in Ranged Weapons
   654 | D:2      | Reached skill level 1 in Throwing
   654 | D:2      | Reached skill level 1 in Shields
   654 | D:2      | Reached skill level 1 in Unarmed Combat
   768 | D:2      | Reached skill level 1 in Shapeshifting
   768 | D:2      | Reached XP level 4. HP: 29/32 MP: 11/11
   791 | D:2      | Noticed Terence
  1116 | D:2      | Found a blossoming altar of Fedhas.
  1129 | D:2      | Reached skill level 1 in Conjurations
  1129 | D:2      | Reached skill level 1 in Hexes
  1129 | D:2      | Reached skill level 1 in Summonings
  1129 | D:2      | Reached skill level 1 in Necromancy
  1129 | D:2      | Reached skill level 1 in Transmutations
  1129 | D:2      | Reached skill level 1 in Fire Magic
  1129 | D:2      | Reached skill level 1 in Ice Magic
  1129 | D:2      | Reached skill level 1 in Air Magic
  1129 | D:2      | Reached skill level 1 in Earth Magic
  1129 | D:2      | Reached skill level 1 in Poison Magic
  1161 | D:2      | Identified the +1 robe of the Desert {rElec Int-2 SInv
                  | Stlth+}
  1233 | D:2      | Killed Terence
  1234 | D:2      | Reached XP level 5. HP: 4/37 MP: 12/12
  1620 | D:3      | Identified the "Fushyun"
  1620 | D:3      | Identified the "Akecw"
  1620 | D:3      | Identified the of Afuqohoa
  1732 | D:3      | Found a hide-covered altar of Uskayaw.
  1863 | D:3      | Found a faded altar of an unknown god.
  2000 | D:3      | Noticed Natasha
  2007 | D:3      | Killed Natasha
  2027 | D:3      | Noticed Sigmund
  2031 | D:3      | Noticed Natasha
  2044 | D:3      | Found a stormy altar of Qazlal.
  2048 | D:3      | Found a blossoming altar of Fedhas.
  2243 | D:3      | Found a shimmering blue altar of Sif Muna.
  2323 | D:3      | Killed Sigmund
  2324 | D:3      | Reached skill level 5 in Axes
  2324 | D:3      | Reached skill level 5 in Evocations
  2324 | D:3      | Reached XP level 6. HP: 24/44 MP: 14/14
  2480 | D:3      | Found Tunydauh's Magic Scroll Emporium.
  2483 | D:3      | Bought a scroll of identify for 22 gold pieces
  2483 | D:3      | Bought a scroll of identify for 22 gold pieces
  2483 | D:3      | Bought a scroll of identify for 22 gold pieces
  2483 | D:3      | Bought 2 scrolls of identify for 44 gold pieces
  2588 | D:4      | Found an ancient bone altar of Kikubaaqudgha.
  2656 | D:3      | Bought a scroll of teleportation for 33 gold pieces
  3269 | D:4      | Noticed a human
  3281 | D:4      | Killed a human
  3512 | D:5      | Entered Level 5 of the Dungeon
  3568 | D:5      | Reached XP level 7. HP: 33/50 MP: 15/15
  3688 | D:5      | Found a staircase to the Ecumenical Temple.
  3757 | Temple   | Entered the Ecumenical Temple
  3768 | Temple   | Became a worshipper of Lugonu the Unformed
  4129 | D:5      | Reached * piety under Lugonu
  4230 | D:5      | Identified the staff "Luteivvo" {Drain rElec Str+3 Air
                  | Earth}
  4365 | D:5      | Found Ysitziax's Armour Shop.
  4547 | D:5      | Found a broken altar of Ashenzari.
  4709 | D:6      | Reached XP level 8. HP: 49/57 MP: 16/16
  4762 | D:6      | Identified the +1 dagger of Drought {drain, Drain Str+3
                  | Dex+6}
  4816 | D:6      | Reached skill level 6 in Spellcasting
  4960 | D:3      | Bought a scroll of enchant weapon for 82 gold pieces
  5141 | D:6      | Found a bloodstained altar of Trog.
  5257 | D:6      | Found a radiant altar of Vehumet.
  5258 | D:6      | Found a burning altar of Makhleb.
  5431 | D:6      | Noticed Maggie
  5447 | D:6      | Killed Maggie
  5448 | D:6      | Reached XP level 9. HP: 22/65 MP: 18/18
  6353 | D:7      | Reached skill level 5 in Armour
  6353 | D:7      | Reached skill level 5 in Dodging
  7838 | D:7      | Found a sacrificial altar of Ru.
  7959 | D:7      | Found a shimmering altar of Xom.
  7995 | D:7      | Found an opulent altar of Gozag.
  7998 | D:7      | Found a sparkling altar of Nemelex Xobeh.
  8178 | D:7      | Reached ** piety under Lugonu
  8179 | D:7      | Reached skill level 5 in Stealth
  8610 | D:8      | Noticed Erica
  8614 | D:8      | Banished Erica
  8615 | D:8      | Reached skill level 7 in Spellcasting
  8615 | D:8      | Reached skill level 5 in Invocations
  8637 | D:8      | Learned a level 3 spell: Tukima's Dance
  8641 | D:8      | Learned a level 3 spell: Teleport Other
  8646 | D:8      | Learned a level 4 spell: Passage of Golubria
  8662 | D:8      | Found a white marble altar of Elyvilon.
  8684 | D:8      | Reached XP level 10. HP: 73/73 MP: 20/20
  8725 | D:8      | Reached skill level 5 in Fighting
  8725 | D:8      | Reached skill level 5 in Short Blades
  8725 | D:8      | Reached skill level 5 in Long Blades
  8725 | D:8      | Reached skill level 5 in Maces & Flails
  8725 | D:8      | Reached skill level 5 in Polearms
  8725 | D:8      | Reached skill level 5 in Staves
  8725 | D:8      | Reached skill level 5 in Ranged Weapons
  8725 | D:8      | Reached skill level 5 in Throwing
  8725 | D:8      | Reached skill level 5 in Shields
  8725 | D:8      | Reached skill level 5 in Unarmed Combat
  8735 | D:8      | Slain by a yak

Illustrated notes

Levels and vault maps discovered:
D:1:      dpeg_arrival_stone_temple_mockup, layout_loops_ring, serial_shops,
          shop, minmay_stone_trees_small, skrybe_limestone_x
D:2:      layout_basic, basic_altar, uniq_terence, uniq_robin
D:3:      layout_loops_ring, grunt_temple_overflow_forces_of_nature,
          nicolae_sif_muna_little_library, mainiacjoe_overflow_paths,
          dreamdust_ecumenical_altar_statues, serial_shops,
          nicolae_shop_rolled_up, uniq_natasha, uniq_sigmund
D:4:      layout_loops_corners, tgw_kikubaaqudgha, nicolae_the_louvre
D:5:      corexii_shantytown, layout_loops_ring, ashenzari_altar_1,
          minmay_temple_entry_ruins, serial_shops, nicolae_shop_real_fake_doors,
          kennysheep_generic_room_4
D:6:      layout_loops_ring, grunt_temple_overflow_lords_of_destruction,
          lemuel_coloured_pillars_altar, uniq_maggie
D:7:      layout_cave_pods, grunt_temple_overflow_opulence,
          nicolae_ru_sacrificial_ziggurat, mainiacjoe_overflow_chevrons
D:8:      layout_layer_cave, lemuel_round_altar, tso_metal_star, serial_shops,
          shop, hangedman_decor_points, kennysheep_another_room, uniq_erica
Temple:   corrupted_temple

Skill      XL: |  1  2  3  4  5  6  7  8  9 10 |
---------------+-------------------------------+-----
Translocations | 2 3 4 |  4.7
Spellcasting   | 5 6 7 |  7.2
Invocations    | 1 2 3 4 5 |  5.5
Fighting       | 1 2 3 4 5 |  5.0
Short Blades   | 1 2 3 4 5 |  5.0
Long Blades    | 1 2 3 4 5 |  5.0
Maces & Flails | 1 2 3 4 5 |  5.0
Polearms       | 1 2 3 4 5 |  5.0
Staves         | 1 2 3 4 5 |  5.0
Ranged Weapons | 1 2 3 4 5 |  5.0
Throwing       | 1 2 3 4 5 |  5.0
Shields        | 1 2 3 4 5 |  5.0
Unarmed Combat | 1 2 3 4 5 |  5.0
Shapeshifting  | 1 2 3 4 |  4.6
Conjurations   | 1 2 3 4 |  4.1
Hexes          | 1 2 3 4 |  4.1
Summonings     | 1 2 3 4 |  4.1
Necromancy     | 1 2 3 4 |  4.1
Transmutations | 1 2 3 4 |  4.1
Fire Magic     | 1 2 3 4 |  4.1
Ice Magic      | 1 2 3 4 |  4.1
Air Magic      | 1 2 3 4 |  4.1
Earth Magic    | 1 2 3 4 |  4.1
Poison Magic   | 1 2 3 4 |  4.1
Armour         | 3 4 5 |  5.7
Dodging        | 3 4 5 |  5.7
Axes           | 5 6 |  6.9
Stealth        | 3 4 5 |  5.6
Evocations     | 5 6 |  6.9

Action                     |  1- 3 |  4- 6 |  7- 9 | 10-12 || total
---------------------------+-------+-------+-------+-------++-------
  Melee: Hand axe          |    83 |    73 |       |       ||   156
         Bite              |     5 |     5 |    24 |     3 ||    37
         Punch             |     2 |     1 |     3 |     1 ||     7
         War axe           |       |    29 |   240 |    16 ||   285
   Fire: Shortbow          |       |    42 |   101 |     5 ||   148
  Throw: Dart              |     6 |       |     1 |       ||     7
         Boomerang         |       |       |    13 |       ||    13
 Invoke: Banish            |       |       |     1 |       ||     1
  Evoke: Wand              |       |       |     4 |       ||     4
    Use: Scroll            |       |     7 |    11 |       ||    18
         Potion            |       |       |     2 |       ||     2
   Stab: Sleeping          |     2 |     5 |    25 |       ||    32
         Distracted        |       |       |     1 |       ||     1
 Armour: Leather armour    |    36 |    28 |       |       ||    64
         Robe              |       |    45 |   110 |    15 ||   170
  Dodge: Dodged            |    34 |    69 |   259 |    16 ||   378
  Block: Other             |       |       |    56 |     7 ||    63

Table legend: (Time is in decaauts)
 A = Elapsed time spent in this place.
 B = Non-inter-level travel time spent in this place.
 C = Inter-level travel time spent in this place.
 D = Time resting spent in this place.
 E = Time spent auto-exploring this place.
 F = Levels seen in this place.
 G = Mean time per level.
                   A        B        C        D        E       F      G
               +--------+--------+--------+--------+--------+-----+--------+
         Total |   8997 |   8634 |    363 |   2501 |   4354 |   9 |  999.7 |
       Dungeon |   8974 |   8621 |    353 |   2501 |   4354 |   8 | 1121.8 |
        Temple |     22 |     12 |     10 |      0 |      0 |   1 |   22.0 |
               +--------+--------+--------+--------+--------+-----+--------+

Top non-repeatable levels by time:
     D:7: 2631 daAuts
     D:6: 1251 daAuts
     D:5: 1204 daAuts
     D:4: 1049 daAuts
     D:3: 987 daAuts
     D:2: 909 daAuts
     D:1: 719 daAuts
     D:8: 222 daAuts
  Temple: 22 daAuts
